 Dungeon Crawl Stone Soup version 0.30-a0-159-g068b764562 (webtiles) character file.

Game seed: 12459065254162604430

2606 Flugkiller the Destroyer (level 9, -18/80 (89) HPs)
             Began as an Ogre Reaver on Sept 27, 2022.
             Was a Believer of Uskayaw.
             Demolished by an orc warrior
             ... wielding a +0 halberd
              (23 damage)
             ... in a bailey.
             The game lasted 00:14:29 (9288 turns).

Flugkiller the Destroyer (Ogre Reaver)              Turns: 9288, Time: 00:14:29

HP:   -18/80 (89)   AC: 11    Str: 18    XL:     9   Next: 59%
MP:   1/19          EV:  9    Int: 18    God:    Uskayaw [**....]
Gold: 365           SH:  0    Dex:  5    Spells: 12/22 levels left

rFire   . . .      SeeInvis .    l - +1 hammer (protect)
rCold   . . .      Faith    .    (no shield)
rNeg    . . .      Spirit   .    b - +1 robe
rPois   .          Reflect  .    (helmet restricted)
rElec   .          Harm     .    n - +2 cloak
rCorr   .          Rampage  .    (gloves unavailable)
Will    .....      Rnd*Tele +    (boots unavailable)
Stlth   +.........               (no amulet)
HPRegen 0.23/turn                p - +4 ring of protection
MPRegen 0.16/turn                (no ring)

@: very slightly contaminated, heavily drained
A: large, unfitting armour, tough skin 1, antennae 2, clumsy 1, teleportitis 1
a: Renounce Religion, Stomp, Line Pass


You were in a bailey.
You worshipped Uskayaw.
Uskayaw was noncommittal.
You visited 1 branch of the dungeon, and saw 8 of its levels.
You also visited: Bailey.

You collected 365 gold pieces.

Inventory:

Hand Weapons
 e - a +0 giant club
   (You took it off an ogre on level 7 of the Dungeon)
 g - a +5 great sword
   (You found it on level 7 of the Dungeon)
 l - a +1 hammer of protection (weapon)
   (You found it on level 2 of the Dungeon)
 x - a +0 great mace
   (You found it on level 4 of the Dungeon)
Missiles
 a - 2 curare-tipped darts
 r - a throwing net
Armour
 b - a +1 robe (worn)
 n - a +2 cloak (worn)
   (You took it off Crazy Yiuf on level 2 of the Dungeon)
 u - a +0 kite shield
   (You found it on level 6 of the Dungeon)
Magical Staves
 z - a staff of cold
   (You found it on level 1 of the Dungeon)
Jewellery
 o - a ring of poison resistance
   (You found it on level 7 of the Dungeon)
 p - a +4 ring of protection (left hand)
   (You found it on level 3 of the Dungeon)
Wands
 j - a wand of flame (13)
   (You found it on level 8 of the Dungeon)
Scrolls
 h - 3 scrolls of immolation
 k - 2 scrolls of enchant weapon
 s - a scroll of poison
 t - a scroll of teleportation
 y - a scroll of enchant armour
 A - a scroll of brand weapon {unknown}
Potions
 c - 2 potions of haste {unknown}
 d - 4 potions of might
 f - 2 potions of berserk rage
 i - a potion of ambrosia {unknown}
 m - 2 potions of lignification {unknown}
 q - 3 potions of curing
 v - a potion of brilliance {unknown}
 w - 3 potions of heal wounds
 B - 2 potions of experience {unknown}
 C - 2 potions of invisibility {unknown}
 D - a potion of attraction {unknown}
 E - a potion of resistance {unknown}


   Skills:
 - Level 6.0 Fighting
 - Level 2.6 Maces & Flails
 - Level 1.7 Dodging
 + Level 7.1 Spellcasting
 + Level 8.5 Conjurations
 + Level 3.0 Translocations
 - Level 2.0 Fire Magic
 - Level 2.0 Ice Magic
 - Level 2.0 Earth Magic


You had 12 spell levels left.
You knew the following spells:

 Your Spells              Type           Power      Damage    Failure   Level
a - Kiss of Death         Conj/Necr      84%        2d11      1%          1
b - Volcanic Tap          Conj/Fire/Erth 42%        3d10      3%          2
c - Hailstorm             Conj/Ice       25%        3d7       3%          3
d - Iskenderun's Mystic   Conj/Tloc      27%        2d7       10%         4

Your spell library contained the following spells:

 Spells                   Type           Power      Damage    Failure   Level
 Apportation              Tloc           34%        N/A       3%          1
 Dazzling Flash           Conj/Hex       42%        N/A       5%          3
 Necrotise                Necr           24%        1d5       11%         1
 Summon Small Mammal      Summ           24%        N/A       11%         1
 Starburst                Conj/Fire      12%        6d5       88%         6
 Borgnjor's Revivificati  Necr           3%         N/A       100%        8
 Necromutation            Tmut/Necr      3%         N/A       100%        8
 Death's Door             Necr           3%         N/A       100%        9


Dungeon Overview and Level Annotations

Branches:
Dungeon (8/15) Zot: 26315  Temple (0/1) D:5          Bailey (1/1) Zot: 5710
   Lair: D:8-11

Altars:
Ashenzari
Gozag
Nemelex Xobeh
Okawaru
Sif Muna
Trog
Uskayaw
Wu Jian
Zin

Annotations:
D:5 3 runed translucent doors, Belterius's ghost, novice MiFi
D:7 3 runed translucent doors, sanka's ghost, novice NaTm


Innate Abilities, Weirdness & Mutations

You are too large for most types of armour.
You have tough skin. (AC +1)
You have a pair of antennae on your head.
You are clumsy. (Dex -2)
You are occasionally teleported next to monsters.


Message History

The orc attacks as you move away! The orc hits you but does no damage.
The orc knight roars a battlecry!
The orcs go into a battle-frenzy!
There is an open gate here.
Casting: Iskenderun's Mystic Blast (dangerous; 10% risk of failure)
Confirm with . or Enter, or press ? or * to list all spells.
You erupt in a blast of force!
The mystic blast hits the orc!
You kill the orc!
The mystic blast hits the orc!
The orc is almost dead.
The orc is knocked back by the mystic blast.
The mystic blast hits the orc!
You kill the orc!
The mystic blast hits the orc!
You kill the orc!
Casting: Iskenderun's Mystic Blast (dangerous; 10% risk of failure)
Confirm with . or Enter, or press ? or * to list all spells.
You erupt in a blast of force!
The mystic blast hits the orc!
You kill the orc!
The mystic blast hits the orc knight.
The orc knight is lightly wounded.
The orc knight is knocked back by the mystic blast.
The orc knight collides with the orc!
The orc is severely wounded.
The orc knight is lightly wounded.
You can now pass through a line of other dancers.
The orc knight roars a battlecry!
The orc goes into a battle-frenzy!
You feel strangely unstable.
You are yanked towards some nearby monsters!
Your surroundings suddenly seem different.
An orc knight and 3 orc warriors come into view.
Found three items.
Found a gate leading back out of this place.
The orc warrior shouts!
The orc knight shouts!
The orc warrior shouts! x2
The orc knight roars a battlecry!
The orc warriors go into a battle-frenzy!
The orc warrior hits you with a +0 halberd!!
Unknown command.
The orc warrior hits you but does no damage.
The orc knight hits you from afar with a +0 glaive!
You can no longer pass through a line of other dancers.
Casting: Iskenderun's Mystic Blast (dangerous; 10% risk of failure)
Confirm with . or Enter, or press ? or * to list all spells.
You erupt in a blast of force!
The mystic blast hits the orc warrior.
The orc warrior is lightly wounded.
The orc warrior is knocked back by the mystic blast.
The orc warrior slams into the stone wall!
The orc warrior is moderately wounded.
The mystic blast hits the orc knight.
The orc knight is lightly wounded.
The orc knight is knocked back by the mystic blast.
The orc knight slams into the stone wall!
You can now pass through a line of other dancers.
Casting: Iskenderun's Mystic Blast (dangerous; 10% risk of failure)
Confirm with . or Enter, or press ? or * to list all spells.
You miscast Iskenderun's Mystic Blast.
You are very lightly contaminated with residual magic.
The air around you crackles with energy.
The orc warrior hits you from afar with a +0 halberd!
The orc warrior hits you but does no damage.
Casting: Iskenderun's Mystic Blast (dangerous; 10% risk of failure)
Confirm with . or Enter, or press ? or * to list all spells.
You erupt in a blast of force!
The mystic blast hits the orc warrior.
The orc warrior is moderately wounded.
The orc warrior is knocked back by the mystic blast.
The orc warrior slams into the stone wall!
The orc warrior is heavily wounded.
The mystic blast hits the orc knight.
The orc knight is lightly wounded.
The orc knight is knocked back by the mystic blast.
The orc knight slams into the stone wall!
The orc knight is lightly wounded.
The mystic blast hits the orc warrior.
The orc warrior is lightly wounded.
The orc warrior is knocked back by the mystic blast.
The mystic blast hits the orc warrior but does no damage.
The orc warrior hits you from afar with a +0 halberd!
* * * LOW HITPOINT WARNING * * *
The orc warrior hits you from afar with a +0 halberd!
* * * LOW HITPOINT WARNING * * *
You see here a scroll of enchant weapon.
Casting: Iskenderun's Mystic Blast (dangerous; 10% risk of failure)
Confirm with . or Enter, or press ? or * to list all spells.
You don't have enough magic to cast this spell.
Unknown command.
You feel much better.
The orc warrior hits you from afar with a +0 halberd!
* * * LOW HITPOINT WARNING * * *
The orc warrior barely misses you.
The orc warrior hits you from afar with a +0 halberd!
* * * LOW HITPOINT WARNING * * *
Okay, then.
Unknown command.
Unknown command.
Unknown command.
Unknown command.
Okay, then.
The orc warrior hits you with a +0 halberd!!
You die...

##.....##
#.......#
#.......#
#.......#
#.......#
#..o....#
#.....o.#
#..???..#
#..o??@.#
#..??o..#
#.......#
##..∩..##
#######


You could see an orc knight and 3 orc warriors.

Vanquished Creatures
  A manticore (D:7)
  Sigmund (D:2)
  2 water moccasins
  An ice beast (D:5)
  An ogre (D:7)
  An orc warrior (Bailey)
  2 black bears
  A centaur (D:6)
  4 kobold brigands
  5 bullfrogs
  A necrophage (D:5)
  4 scorpions
  3 wights (D:7)
  4 howler monkeys
  2 hounds
  A jelly (D:8)
  Crazy Yiuf (D:2)
  2 orc priests
  Jessica (D:2)
  2 orc wizards
  Terence (D:2)
  2 iguanas
  7 gnolls (D:7)
  2 adders
  A shadow imp (D:6)
  4 white imps
  An ufetubus (D:4)
  4 worms
  2 dart slugs
  30 orcs
  6 bats
  2 endoplasms
  A giant cockroach (D:2)
  19 goblins
  10 hobgoblins
  7 jackals
  2 quokkas
  4 ball pythons
  4 frilled lizards
  21 kobolds
  2 rats (D:1)
172 creatures vanquished.

Vanquished Creatures (others)
  A steam dragon (D:8)
  A sky beast (D:7)
  2 black bears (D:5)
  A centaur (D:8)
  A gnoll sergeant (D:6)
  A wight (D:7)
  A howler monkey (D:8)
  Robin (D:3)
  2 gnolls (D:7)
  An adder (D:5)
  5 fungi (D:8)
  5 plants (D:8)
22 creatures vanquished.

Grand Total: 194 creatures vanquished

Notes
Turn   | Place    | Note
-------+----------+-------------------------------------------
     0 | D:1      | Flugkiller the Ogre Reaver began the quest for the Orb.
     0 | D:1      | Reached XP level 1. HP: 22/22 MP: 3/3
   291 | D:1      | Reached XP level 2. HP: 31/31 MP: 5/5
   371 | D:1      | Found a faded altar of an unknown god.
   480 | D:1      | Reached skill level 3 in Conjurations
   621 | D:2      | Noticed Jessica
   634 | D:2      | Killed Jessica
   635 | D:2      | Reached XP level 3. HP: 12/39 MP: 4/7
  1120 | D:2      | Learned a level 2 spell: Volcanic Tap
  1124 | D:2      | Learned a level 3 spell: Hailstorm
  1286 | D:2      | Noticed Terence
  1314 | D:2      | Killed Terence
  1315 | D:2      | Reached XP level 4. HP: 20/48 MP: 4/8
  1620 | D:2      | Reached skill level 1 in Fire Magic
  1814 | D:2      | Noticed Sigmund
  1843 | D:2      | Killed Sigmund
  2011 | D:2      | Found a runed translucent door.
  2012 | D:2      | Noticed Crazy Yiuf
  2063 | D:2      | Killed Crazy Yiuf
  2064 | D:2      | Reached skill level 1 in Earth Magic
  2217 | D:3      | Reached XP level 5. HP: 40/54 MP: 9/9
  2231 | D:3      | Reached skill level 4 in Conjurations
  2459 | D:3      | Noticed Robin
  2505 | D:3      | Killed Robin
  2575 | D:3      | Found a glowing silver altar of Zin.
  2620 | D:3      | Found a hide-covered altar of Uskayaw.
  2645 | D:3      | Became a worshipper of Uskayaw the Reveller
  2782 | D:3      | Found a bloodstained altar of Trog.
  2864 | D:4      | Noticed a black bear
  2880 | D:4      | Reached * piety under Uskayaw
  2881 | D:4      | Killed a black bear
  3250 | D:4      | Reached ** piety under Uskayaw
  3689 | D:5      | Entered Level 5 of the Dungeon
  3779 | D:5      | Reached skill level 5 in Conjurations
  3779 | D:5      | Reached XP level 6. HP: 56/62 MP: 8/10
  3789 | D:5      | Noticed a black bear
  3801 | D:5      | Killed a black bear
  3819 | D:5      | Reached skill level 5 in Fighting
  4092 | D:5      | Noticed an ice beast
  4114 | D:5      | Killed an ice beast
  4356 | D:4      | Reached XP level 7. HP: 68/72 MP: 12/12
  4375 | D:5      | Reached *** piety under Uskayaw
  4379 | D:5      | Reached skill level 1 in Ice Magic
  4623 | D:5      | Found a staircase to the Ecumenical Temple.
  4732 | D:5      | Found a runed translucent gate.
  4732 | D:5      | Found a runed translucent gate.
  4732 | D:5      | Found a runed translucent gate.
  4763 | D:5      | Noticed Belterius's ghost (novice MiFi)
  5364 | D:6      | Found a shimmering blue altar of Sif Muna.
  5434 | D:6      | Reached **** piety under Uskayaw
  5810 | D:6      | Reached XP level 8. HP: 8/69 MP: 11/14
  6140 | D:6      | Reached skill level 5 in Spellcasting
  6140 | D:6      | Reached skill level 6 in Conjurations
  6270 | D:6      | Found a sparkling altar of Nemelex Xobeh.
  6271 | D:6      | Found an opulent altar of Gozag.
  6313 | D:6      | Found an ornate altar of the Wu Jian Council.
  6962 | D:7      | Found a runed translucent gate.
  6962 | D:7      | Found a runed translucent gate.
  6962 | D:7      | Found an opulent altar of Gozag.
  6962 | D:7      | Found a runed translucent gate.
  7071 | D:7      | Found a broken altar of Ashenzari.
  7094 | D:7      | Noticed a manticore
  7209 | D:7      | Noticed sanka's ghost (novice NaTm)
  7389 | D:7      | Reached skill level 7 in Conjurations
  7549 | D:7      | Gained mutation: You are frail. (-10% HP) [potion of
                  | mutation]
  7549 | D:7      | Gained mutation: Your system is resistant to poisons.
                  | (rPois) [potion of mutation]
  7550 | D:7      | Lost mutation: Your system is resistant to poisons. (rPois)
                  | [potion of mutation]
  7550 | D:7      | Lost mutation: You are frail. (-10% HP) [potion of
                  | mutation]
  7550 | D:7      | Gained mutation: You are occasionally teleported next to
                  | monsters. [potion of mutation]
  7550 | D:7      | Gained mutation: You have a pair of small antennae on your
                  | head. [potion of mutation]
  7550 | D:7      | Gained mutation: You are clumsy. (Dex -2) [potion of
                  | mutation]
  7550 | D:7      | Gained mutation: You have a pair of antennae on your head.
                  | [potion of mutation]
  7554 | D:7      | Killed a manticore
  7620 | D:7      | Reached XP level 9. HP: 57/81 MP: 8/18
  8330 | D:7      | Learned a level 4 spell: Iskenderun's Mystic Blast
  8365 | D:8      | Reached skill level 8 in Conjurations
  8365 | D:8      | Reached skill level 1 in Translocations
  8369 | D:8      | Reached ***** piety under Uskayaw
  8769 | D:8      | Found an iron altar of Okawaru.
  8834 | D:8      | Found a flagged portal.
  9000 | Bailey   | Entered a bailey
  9270 | Bailey   | Noticed an orc knight
  9272 | Bailey   | Noticed an orc knight
  9281 | Bailey   | Noticed an orc knight
  9288 | Bailey   | Demolished by an orc warrior

Illustrated notes

Levels and vault maps discovered:
D:1:      amcnicky_arrival_flooded_fountain, layout_basic,
          ebering_ecumenical_altar_ruins
D:2:      layout_loops_ring, uniq_crazy_yiuf_cottage, uniq_jessica,
          uniq_sigmund, uniq_terence
D:3:      layout_rooms, eat_drink_and_be_merry_uskayaw,
          nicolae_overflow_hidden_temple, minmay_stone_trees_small, uniq_robin
D:4:      layout_gridville
D:5:      layout_gridville, minmay_temple_entry_enclosed_plants,
          gammafunk_ghost_icy, minivault_26
D:6:      layout_loops_ring, grunt_temple_overflow_opulence,
          kennysheep_mini_moat, lemuel_coloured_pillars_altar,
          minmay_misc_feat_doors
D:7:      layout_basic, evilmike_ruin_ashenzari, ebering_ghost_gozag
D:8:      layout_loops_ring, nicolae_overflow_crystal_walls, okawaru_trees_1,
          grunt_lair_entry_orc_guard_hut, enter_bailey_4, minivault_27,
          uniq_erica
Bailey:   bailey_polearm_5, bailey

Skill      XL: |  1  2  3  4  5  6  7  8  9 |
---------------+----------------------------+-----
Fighting       | 3 4 5 6 |  6.0
Conjurations   | 3 5 7 8 |  8.5
Spellcasting   | 3 4 6 7 |  7.1
Fire Magic     | 1 2 |  2.0
Earth Magic    | 1 2 |  2.0
Ice Magic      | 2 |  2.0
Translocations | 3 |  3.0
Maces & Flails | |  2.6
Dodging        | |  1.7

Action                   |  1- 3 |  4- 6 |  7- 9 || total
-------------------------+-------+-------+-------++-------
Melee: Mace              |   101 |   242 |   320 ||   663
       Punch             |       |       |     4 ||     4
 Cast: Kiss of Death     |     1 |       |     7 ||     8
       Volcanic Tap      |     1 |    14 |    31 ||    46
       Hailstorm         |       |       |    31 ||    31
       Iskenderun's Myst |       |       |    13 ||    13
  Use: Scroll            |       |     7 |     8 ||    15
       Potion            |       |       |     7 ||     7
 Stab: Paralysed         |       |       |     9 ||     9
Armor: Robe              |    48 |   223 |   380 ||   651
Dodge: Dodged            |    64 |   191 |   260 ||   515

Table legend: (Time is in decaauts)
 A = Elapsed time spent in this place.
 B = Non-inter-level travel time spent in this place.
 C = Inter-level travel time spent in this place.
 D = Time resting spent in this place.
 E = Time spent auto-exploring this place.
 F = Levels seen in this place.
 G = Mean time per level.
                   A        B        C        D        E       F      G
               +--------+--------+--------+--------+--------+-----+--------+
         Total |   9489 |   9246 |    243 |   4008 |   3419 |   9 | 1054.3 |
       Dungeon |   9200 |   8957 |    243 |   3828 |   3396 |   8 | 1150.0 |
        Bailey |    288 |    288 |      0 |    180 |     23 |   1 |  288.0 |
               +--------+--------+--------+--------+--------+-----+--------+

Top non-repeatable levels by time:
     D:7: 1923 daAuts
     D:5: 1781 daAuts
     D:2: 1402 daAuts
     D:6: 1330 daAuts
     D:4: 900 daAuts
     D:1: 753 daAuts
     D:3: 717 daAuts
     D:8: 391 daAuts
  Bailey: 288 daAuts
